 Dungeon Crawl Stone Soup version 0.32-a0-938-g40ac7a0f4d (webtiles) character file.

Game seed: 17695127101508552266

165 Autsider the Magician (level 5, -2/28 HPs)
             Began as a Deep Elf Hedge Wizard on Apr 15, 2024.
             Constricted to death by Ijyb (3 damage)
             ... on level 4 of the Dungeon.
             The game lasted 00:07:00 (2874 turns).

Autsider the Magician (Deep Elf Hedge Wizard)       Turns: 2874, Time: 00:07:01

Health: -2/28      AC:  6    Str:  7    XL:     5   Next: 21%
Magic:  0/13       EV:  1    Int: 21    God:
Gold:   140        SH:  0    Dex: 14    Spells: 9/12 levels left

rFire   . . .        a - +0 dagger
rCold   . . .        (no shield)
rNeg    . . .        j - +3 leather armour
rPois   .            c - +0 hat
rElec   .            (no cloak)
rCorr   .            (no gloves)
SInv    .            (no boots)
Will    .....        (no amulet)
Stlth   ++           (no ring)
HPRegen 0.24/turn    (no ring)
MPRegen 0.13/turn

%: no passive effects
@: grasped by roots, very slightly contaminated, constricted
A: no striking features
a: no special abilities


You were on level 4 of the Dungeon.
You visited 1 branch of the dungeon, and saw 4 of its levels.

You collected 140 gold pieces.

Inventory:

Hand Weapons
 a - a +0 dagger (weapon)
Missiles
 l - 9 poisoned darts
Armour
 b - a +0 robe
 c - a +0 hat (worn)
 j - a +3 leather armour (worn)
 q - a +0 buckler
Jewellery
 e - a ring of fire
Scrolls
 f - a scroll of teleportation {unknown}
 g - a scroll of fog {unknown}
 i - a scroll of identify {unknown}
 n - a scroll of vulnerability {unknown}
 o - a scroll of revelation {unknown}
 p - a scroll of amnesia {unknown}
 r - a scroll of silence {unknown}
Potions
 d - a potion of magic
 h - 4 potions of curing {unknown}
 k - a potion of degeneration {unknown}
 m - a potion of resistance {unknown}


   Skills:
 - Level 0.6 Fighting
 - Level 3.0 Dodging
 - Level 3.0 Stealth
 + Level 4.4 Spellcasting
 - Level 4.0 Conjurations
 + Level 3.0 Summonings
 - Level 1.1 Translocations
 + Level 0.5 Air Magic


You had 9 spell levels left.
You knew the following spells:

 Your Spells              Type           Power      Damage    Failure   Level
a - Magic Dart            Conj           84%        1d7       3%          1
A - Call Imp              Summ           34%        N/A       8%          2

Your spell library contained the following spells:

 Spells                   Type           Power      Damage    Failure   Level
 Kiss of Death            Conj/Necr      52%        2d9       8%          1
 Necrotise                Necr           16%        1d4       17%         1
 Slow                     Hex            16%        N/A       17%         1
 Blink                    Tloc           18%        N/A       17%         2
 Cigotuvi's Dreadful Rot  Necr/Alch/Air  10%        N/A       24%         2
 Mephitic Cloud           Conj/Alch/Air  11%        N/A       28%         3
 Confusing Touch          Hex            4%         N/A       45%         3
 Vampiric Draining        Necr           4%         2d6       45%         3
 Martyr's Knell           Necr/Summ      10%        N/A       67%         4
 Dispel Undead            Necr           4%         3d7       86%         4
 Curse of Agony           Necr           4%         N/A       99%         5


Dungeon Overview and Level Annotations

Branches:
Dungeon (4/15)
 Temple: D:4-7

Altars:

Annotations:
D:4 Ijyb


Message History

Ijyb is severely wounded.
Ijyb barely misses you.
Casting: Call Imp (safe; 8% risk of failure)
Confirm with . or Enter, or press ? or * to list all spells.
Aiming: Magic Dart (safe; 3% risk of failure)
Press: ? - help, Shift-Dir - straight line, f/p - Ijyb
Aim: Ijyb, wielding a +0 club, wearing a +0 chain mail and carrying a wand of roots (severely wounded, 100% to hit)
The magic dart hits Ijyb.
Ijyb is severely wounded.
Ijyb hits you with a +0 club.
* * * LOW HITPOINT WARNING * * *
Casting: Magic Dart (safe; 3% risk of failure)
Confirm with . or Enter, or press ? or * to list all spells.
Aiming: Magic Dart (safe; 3% risk of failure)
Press: ? - help, Shift-Dir - straight line, f/p - Ijyb
Aim: Ijyb, wielding a +0 club, wearing a +0 chain mail and carrying a wand of roots (severely wounded, 100% to hit)
The magic dart hits Ijyb but does no damage.
Ijyb is severely wounded.
Ijyb closely misses you.
You hit Ijyb but do no damage.
Ijyb is severely wounded.
Ijyb hits you but does no damage.
You hit Ijyb.
Ijyb is severely wounded.
Ijyb zaps a wand.
The roots erupt in riotous growth!
The grasping roots grab you!
Ijyb is unaffected.
The grasping roots constrict you.
You hear an angry hiss. x2; You hear a shout! x9
You hit Ijyb but do no damage.
Ijyb is severely wounded.
An adder comes into view.
Ijyb hits you with a +0 club.
* * * LOW HITPOINT WARNING * * *
The grasping roots constrict you.
* * * LOW HITPOINT WARNING * * *
You closely miss Ijyb.
Ijyb is severely wounded.
Ijyb hits you but does no damage. The grasping roots constrict you.
You die...
Ijyb moans, "Good help so hard to find!"

###<.......
..........
..........
........S#
......$..#
.........
........#
#@# #g# #.#
#.. ##. ..
.. ...


You could see Ijyb and an adder.

Vanquished Creatures
  Natasha (thrice) (D:2)
  4 adders (D:2)
  2 dart slugs (D:1)
  A ribbon worm (D:2)
  5 ball pythons
  2 bats (D:2)
  An endoplasm (D:3)
  2 giant cockroaches (D:2)
  4 goblins
  6 hobgoblins
  7 jackals
  4 quokkas
  A frilled lizard (D:2)
  2 kobolds
  5 rats
49 creatures vanquished.

Notes
Turn   | Place    | Note
-------+----------+-------------------------------------------
     0 | D:1      | Autsider the Deep Elf Hedge Wizard began the quest for the
                  | Orb.
     0 | D:1      | Reached XP level 1. HP: 10/10 MP: 7/7
   259 | D:1      | Reached XP level 2. HP: 16/16 MP: 2/9
  1260 | D:2      | Reached XP level 3. HP: 20/20 MP: 2/10
  1663 | D:2      | Noticed Natasha
  1669 | D:2      | Killed Natasha
  1670 | D:2      | Reached XP level 4. HP: 24/24 MP: 4/12
  2225 | D:2      | Noticed Natasha
  2230 | D:2      | Killed Natasha
  2540 | D:2      | Noticed Natasha
  2548 | D:2      | Killed Natasha
  2549 | D:2      | Reached XP level 5. HP: 28/28 MP: 5/13
  2552 | D:2      | Learned a level 2 spell: Call Imp
  2846 | D:3      | Noticed Ijyb
  2873 | D:4      | HP: 1/28 [constriction (2)]
  2874 | D:4      | Constricted to death by Ijyb

Illustrated notes

Levels and vault maps discovered:
D:1:      grunt_arrival_lava_bath, layout_loops_ring, hangedman_decor_riveting,
          minivault_5
D:2:      layout_basic, uniq_natasha
D:3:      layout_loops_ring, uniq_ijyb
D:4:      layout_rooms, lemuel_round_altar, nicolae_wu_jian_immortal_techniques,
          temple_pool_b, uniq_robin, uniq_pikel

Skill      XL: |  1  2  3  4 |
---------------+-------------+-----
Dodging        | 3 |  3.0
Stealth        | 3 |  3.0
Conjurations   | 2 3 4 |  4.0
Summonings     | 3 |  3.0
Fighting       | |  0.6
Spellcasting   | |  4.4
Translocations | |  1.1
Air Magic      | |  0.5

Action                     |  1- 3 |  4- 6 || total
---------------------------+-------+-------++-------
  Melee: Dagger            |    12 |     5 ||    17
   Cast: Magic Dart        |    82 |    69 ||   151
 Armour: Leather armour    |    23 |    25 ||    48
         Robe              |     2 |       ||     2
  Dodge: Dodged            |    30 |     5 ||    35

Table legend: (Time is in decaauts)
 A = Elapsed time spent in this place.
 B = Non-inter-level travel time spent in this place.
 C = Inter-level travel time spent in this place.
 D = Time resting spent in this place.
 E = Time spent auto-exploring this place.
 F = Levels seen in this place.
 G = Mean time per level.
                   A        B        C        D        E       F      G
               +--------+--------+--------+--------+--------+-----+--------+
         Total |   2873 |   2795 |     78 |    121 |   2339 |   4 |  718.2 |
       Dungeon |   2873 |   2795 |     78 |    121 |   2339 |   4 |  718.2 |
               +--------+--------+--------+--------+--------+-----+--------+

Top non-repeatable levels by time:
     D:2: 1481 daAuts
     D:1: 1199 daAuts
     D:3: 180 daAuts
     D:4: 11 daAuts
